 Dungeon Crawl Stone Soup version 0.29-a0-559-g359e09b (webtiles) character file.

Game seed: 11440619815362248683

321 BingusPrime the Insei (level 6, -2/66 HPs)
             Began as a Demonspawn Transmuter on June 10, 2022.
             Slain by an adder (3 damage)
             ... on level 5 of the Dungeon.
             The game lasted 00:10:10 (4062 turns).

BingusPrime the Insei (Demonspawn Transmuter)       Turns: 4062, Time: 00:10:11

Health: -2/66      AC:  4    Str: 19    XL:     6   Next: 22%
Magic:  11/11      EV: 12    Int: 14    God:
Gold:   170        SH:  4    Dex: 13    Spells: 11/12 levels left

rFire   . . .      SeeInvis .     - Unarmed
rCold   . . .      Faith    .   i - orb {light}
rNeg    + . .      Spirit   .   a - +0 robe
rPois   .          Reflect  .   (no helmet)
rElec   .          Harm     .   (no cloak)
rCorr   .          Rampage  .   (no gloves)
Will    .....                   (no boots)
Stlth   ..........              (no amulet)
HPRegen 0.21/turn               c - +6 ring of strength
MPRegen 0.12/turn               l - ring of positive energy

@: berserking, flying, hasted, glowing, very quick
A: yellow scales 1, powered by pain 1, condensation shield
a: no special abilities


You were on level 5 of the Dungeon.
You visited 2 branches of the dungeon, and saw 5 of its levels.

You collected 170 gold pieces.

Inventory:

Armour
 a - a +0 robe (worn)
 i - an orb of light (worn)
 o - an orb of guile
Jewellery
 c - a +6 ring of strength (left hand)
 l - a ring of positive energy (right hand)
Wands
 m - a wand of paralysis (8)
Scrolls
 e - a scroll of poison
 f - 3 scrolls of noise
 g - 2 scrolls of teleportation {unknown}
 h - a scroll of fear {unknown}
 n - a scroll of enchant weapon {unknown}
Potions
 b - a potion of lignification
 d - a potion of flight
 k - 2 potions of berserk rage


   Skills:
 + Level 2.1 Fighting
 + Level 2.6 Dodging
 * Level 4.0 Unarmed Combat
 * Level 3.5 Spellcasting
 * Level 3.2 Transmutations


You had 11 spell levels left.
You knew the following spells:

 Your Spells              Type           Power      Damage    Failure   Level
a - Beastly Appendage     Tmut           22%        N/A       5%          1

Your spell library contained the following spells:

 Spells                   Type           Power      Damage    Failure   Level
 Wereblood                Tmut           11%        N/A       8%          2
 Apportation              Tloc           4%         N/A       21%         1
 Necrotize                Necr           8%         1d4       21%         1
 Summon Small Mammal      Summ           8%         N/A       21%         1
 Static Discharge         Conj/Air       2%         N/A       30%         2
 Spider Form              Tmut/Pois      7%         N/A       30%         3
 Stone Arrow              Conj/Erth      4%         3d7       52%         3
 Ice Form                 Ice/Tmut       7%         N/A       71%         4
 Animate Armour           Summ/Erth      4%         N/A       90%         4
 Dispel Undead            Necr           2%         3d7       90%         4
 Sticky Flame             Conj/Fire      2%         2d3       90%         4
 Lehudib's Crystal Spear  Conj/Erth      1%         10d2      100%        8


Dungeon Overview and Level Annotations

Branches:
Dungeon (5/15)             Temple (1/1) D:4

Altars:
Cheibriados
Dithmenos
Elyvilon
Fedhas
Hepliaklqana
Kikubaaqudgha
Makhleb
Nemelex Xobeh
Okawaru
Ru
Sif Muna
Trog
Uskayaw
Wu Jian
Zin


Innate Abilities, Weirdness & Mutations

You are partially covered in yellow scales. (AC +2)
You sometimes gain a little power by taking damage.
A meltable shield of frost defends you. (SH +4)


Message History

The ufetubus hits you but does no damage. x2
The ufetubus hits you.
* * * LOW HITPOINT WARNING * * *
The ufetubus hits you but does no damage.
You feel sick.
You feel sick.
You are no longer poisoned.
The ufetubus attacks as you move away! The ufetubus hits you.
* * * LOW HITPOINT WARNING * * *
You block the ufetubus's attack. The ufetubus attacks as you move away!
The ufetubus barely misses you.
The ufetubus hits you but does no damage.
Found 21 stones.
You feel very buoyant.
You fly up into the air.
The ufetubus hits you but does no damage. x2
Okay, then.
Okay, then.
It was a potion of berserk rage.
A red film seems to cover your vision as you go berserk!
You feel yourself moving faster!
You feel mighty! The ufetubus closely misses you.
The ufetubus hits you but does no damage.
You hit the ufetubus. Your headbutt misses the ufetubus.
The ufetubus is severely wounded.
The ufetubus closely misses you. The ufetubus hits you.
* * * LOW HITPOINT WARNING * * *
You hit the ufetubus.
You kill the ufetubus!
You hit the iguana.
The iguana is lightly wounded.
You hit the iguana. You claw the iguana!
You kill the iguana!
Your horns disappear.
Your talons disappear.
Your Unarmed Combat skill increases to level 4!
You see here an iguana corpse.
You hit the kobold brigand.
The kobold brigand is moderately wounded.
The adder bites you.
You die...

#.#..#.......#.. ... ....
#.............. .... ....
#.##........####.(## ....
#........#......... #...
#........##......# ##..
#######..........# #...
### ##..........##. ....
#.#####.....S........
#...
#...........@.##[....
#...
##.....###)K####....#
#..## #...s.# #.##
#.....####..# #
##..SK###.###.......##..#
# ##...##..##...........#
#..........# #......#
#.#.....##.## #.....##
#.##...#.##..## ##.....##
# #.
##.##.###..###..###..###


You could see a kobold brigand and an adder.

Vanquished Creatures
  2 hounds
  A jelly (D:4)
  An iron imp (D:4)
  3 iguanas
  4 adders
  2 ufetubi
  2 worms (D:2)
  4 dart slugs
  8 ball pythons
  2 bats
  7 endoplasms
  3 giant cockroaches
  5 goblins
  10 hobgoblins
  4 jackals (D:1)
  4 kobolds
  A quokka (D:1)
  3 rats
66 creatures vanquished.

Notes
Turn   | Place    | Note
-------+----------+-------------------------------------------
     0 | D:1      | BingusPrime the Demonspawn Transmuter began the quest for
                  | the Orb.
     0 | D:1      | Reached XP level 1. HP: 15/15 MP: 3/3
     2 | D:1      | Noticed a demigod
     4 | D:1      | Noticed a ghoul
     4 | D:1      | Noticed a formicid
     6 | D:1      | Noticed a felid
     8 | D:1      | Noticed a spriggan
     8 | D:1      | Noticed a demonspawn
    10 | D:1      | Noticed a merfolk
    12 | D:1      | Noticed a tengu
    12 | D:1      | Noticed a gargoyle
    14 | D:1      | Noticed a minotaur
    14 | D:1      | Noticed a troll
    16 | D:1      | Noticed an octopode
    18 | D:1      | Noticed a naga
    18 | D:1      | Noticed an elf
    20 | D:1      | Noticed a human
    20 | D:1      | Noticed an ogre
    22 | D:1      | Noticed a draconian
    22 | D:1      | Noticed a vampire
    24 | D:1      | Noticed a dwarf
    26 | D:1      | Noticed a vine stalker
    43 | D:1      | Found a faded altar of an unknown god.
   249 | D:1      | Gained mutation: A meltable shield of frost defends you.
                  | (SH +4) [demonic ancestry]
   249 | D:1      | Reached XP level 2. HP: 17/21 MP: 3/5
  1047 | D:1      | Reached skill level 3 in Unarmed Combat
  1091 | D:1      | Reached XP level 3. HP: 26/26 MP: 4/6
  1908 | D:2      | Gained mutation: You sometimes gain a little power by
                  | taking damage. [demonic ancestry]
  1908 | D:2      | Reached XP level 4. HP: 12/32 MP: 5/8
  2222 | D:2      | You fall into a shaft and drop 2 floors!
  2315 | D:4      | Found a staircase to the Ecumenical Temple.
  2344 | Temple   | Entered the Ecumenical Temple
  2615 | D:4      | Found an ornate altar of the Wu Jian Council.
  2757 | D:4      | Found a hazy altar of Hepliaklqana.
  2770 | D:4      | Reached XP level 5. HP: 31/38 MP: 7/9
  2877 | D:4      | Found a blossoming altar of Fedhas.
  3181 | D:4      | Found a snail-covered altar of Cheibriados.
  3683 | D:4      | Found a shadowy altar of Dithmenos.
  3683 | D:4      | Found a sacrificial altar of Ru.
  3754 | D:5      | Entered Level 5 of the Dungeon
  3769 | D:5      | Gained mutation: You are partially covered in yellow
                  | scales. (AC +2) [demonic ancestry]
  3769 | D:5      | Reached XP level 6. HP: 27/44 MP: 9/11
  4051 | D:5      | HP: 2/44 [ufetubus (1)]
  4057 | D:5      | HP: 1/66 [ufetubus (3)]
  4061 | D:5      | Reached skill level 4 in Unarmed Combat
  4062 | D:5      | Slain by an adder

Illustrated notes

Levels and vault maps discovered:
D:1:      kb_arrival_jail, layout_loops_ring,
          hellmonk_ecumenical_altar_arch_garden, grunt_decor_arrowhead,
          minmay_tetromino_o2
D:2:      layout_basic, kennysheep_crisscross,
          nicolae_concentric_dashed_squares_mild, minmay_misc_feat_five
D:4:      layout_basic, fedhas_altar_2, slow_altar_2,
          mainiacjoe_overflow_small_starburst,
          gammafunk_temple_overflow_elements, mainiacjoe_overflow_alcove_4,
          minmay_temple_entry_arrows, nicolae_figureground_pulse
D:5:      layout_layer_cave, minmay_increasing_density
Temple:   dpeg_three_leaves_temple

Skill      XL: |  1  2  3  4  5  6 |
---------------+-------------------+-----
Transmutations | 2 3 |  3.2
Dodging        | 2 |  2.6
Unarmed Combat | 3 4 |  4.0
Spellcasting   | 3 |  3.5
Fighting       | 2 |  2.1

Action                   |  1- 3 |  4- 6 || total
-------------------------+-------+-------++-------
Melee: Unarmed           |   110 |    75 ||   185
       Headbutt          |     5 |    15 ||    20
       Kick              |    22 |    22 ||    44
       Punch             |     2 |       ||     2
 Cast: Beastly Appendage |    22 |    21 ||    43
Evoke: Wand              |       |     1 ||     1
  Use: Scroll            |       |     4 ||     4
       Potion            |       |     3 ||     3
Armor: Robe              |    17 |    19 ||    36
Dodge: Dodged            |    50 |    50 ||   100
Block: Other             |    12 |       ||    12
       Orb               |       |    18 ||    18

Table legend: (Time is in decaauts)
 A = Elapsed time spent in this place.
 B = Non-inter-level travel time spent in this place.
 C = Inter-level travel time spent in this place.
 D = Time resting spent in this place.
 E = Time spent auto-exploring this place.
 F = Levels seen in this place.
 G = Mean time per level.
                   A        B        C        D        E       F      G
               +--------+--------+--------+--------+--------+-----+--------+
         Total |   4045 |   3889 |    156 |    363 |   3026 |   5 |  809.0 |
       Dungeon |   3893 |   3813 |     80 |    363 |   2960 |   4 |  973.2 |
        Temple |    151 |     75 |     76 |      0 |     66 |   1 |  151.0 |
               +--------+--------+--------+--------+--------+-----+--------+

Top non-repeatable levels by time:
     D:4: 1376 daAuts
     D:1: 1273 daAuts
     D:2: 941 daAuts
     D:5: 301 daAuts
  Temple: 151 daAuts
